 Dungeon Sprint DCSS version 0.19-a0-895-gdbd5520 (webtiles) character file.

184 LORDOFBUTT the Chopper (level 5, -2/44 HPs)
             Began as a Demonspawn Gladiator on July 4, 2016.
             Was an Initiate of Gozag.
             Slain by an ogre
             ... wielding a +0 giant club
              (16 damage)
             ... in the Dungeon (Sprint IX: "|||||||||||||||||||||||||||||").
             The game lasted 00:00:54 (255 turns).

LORDOFBUTT the Chopper (Demonspawn Gladiator)        Turns: 255, Time: 00:00:54

Health: -2/44      AC: 14    Str: 15    XL:     5   Next: 36%
Magic:  5/5        EV:  9    Int:  9    God:    Gozag
Gold:   0          SH:  0    Dex: 15    Spells: 0 memorised, 4 levels left

rFire  . . .     SeeInvis .     t - +3 war axe (freeze)
rCold  . . .     Gourm    .     r - +1 chain mail
rNeg   . . .     Faith    .     (no shield)
rPois  .         Spirit   .     c - +0 helmet
rElec  .         Dismiss  .     s - +0 cloak
rCorr  .         Reflect  .     (no gloves)
SustAt .         Harm     .     (no boots)
MR     .....     NoTele   +     (no amulet)
Stlth  ..........               (no ring)
                                (no ring)

@: gold aura, very slightly contaminated, hasted and slowed, not resistant to
hostile enchantments, extremely unstealthy
A: talons 1, slimy green scales 1, rot immunity
a: Potion Petition, Call Merchant, Bribe Branch, Renounce Religion


You were in the Dungeon.
You worshipped Gozag.
Gozag was noncommittal.
You were not hungry.

You visited 1 branch

Inventory:

Hand Weapons
 t - a +3 war axe of freezing (weapon)
Missiles
 d - 3 throwing nets (quivered)
Armour
 b - a +0 leather armour
 c - a +0 helmet (worn)
 r - a +1 chain mail (worn)
 s - a +0 cloak (worn)
Jewellery
 p - a +2 ring of protection
 q - a +2 ring of evasion
Wands
 o - a wand of acid (7/15)
Scrolls
 k - 2 scrolls of blinking
 m - 3 scrolls of remove curse
 n - 2 scrolls of amnesia
Potions
 e - a potion of invisibility
 g - a potion of heal wounds
 i - 4 potions of magic
 j - a potion of berserk rage
 l - 4 potions of curing
Comestibles
 f - a bread ration


   Skills:
 + Level 5.2 Fighting
 + Level 6.3 Axes
 + Level 2.8 Throwing
 + Level 3.5 Armour
 + Level 6.1 Dodging


You had 4 spell levels left.
You didn't know any spells.

Dungeon Overview and Level Annotations

Branches:
Dungeon (1/1)

Altars:
Cheibriados
Dithmenos
Elyvilon
Fedhas
Gozag
Hepliaklqana
Kikubaaqudgha
Makhleb
Nemelex Xobeh
Okawaru
Pakellas
Qazlal
Ru
Sif Muna
Trog
Uskayaw
Vehumet
Xom
Yredelemnul
Zin
The Shining One
Beogh
Jiyva
Lugonu


Innate Abilities, Weirdness & Mutations

You have sharp toenails.
You are partially covered in slimy green scales. (AC +2)
You are immune to rotting.


Message History

Your Dodging skill gained 2 levels and is now at level 6!
You have reached level 4!
You feel agile.
You have reached level 5!
Your demonic ancestry asserts itself...
You feel immune to rotting.
You hit the ogre. You freeze the ogre. You claw the ogre, but do no damage.
The ogre is lightly wounded.
The ogre hits you but does no damage.
Your chain mail prevents you from hitting the ogre.
The ogre is lightly wounded.
The ogre closely misses you.
You hit the ogre. You freeze the ogre.
The ogre is moderately wounded.
The ogre hits you but does no damage.
You hit the ogre. You freeze the ogre.
The ogre is heavily wounded.
The ogre hits you with a giant club!
You die...
Your body crumbles into a pile of gold. ▓▓▓▓▓▓▓▓▓▓▓▓▓▓▓▓▓▓▓▓▓▓▓▓ ....o.O@...))|..'_______ ▓▓▓▓▓▓▓▓▓▓▓▓▓▓▓▓▓▓▓▓▓▓▓▓ $ $$$$$ $ $ $ $$$$$ $$$$$$

You could see an orc warrior and an ogre.

Vanquished Creatures
  A wraith (D)
  A worker ant (D)
  An orc (D)
  2 bat skeletons (D)
  A goblin (D)
  A hobgoblin (D)
  A kobold (D)
  2 bats (D)
  2 giant cockroach zombies (D)
  A jackal skeleton (D)
13 creatures vanquished.

Notes
Turn   | Place    | Note
-------+----------+-------------------------------------------
     0 | D        | LORDOFBUTT the Demonspawn Gladiator began the quest for the Orb.
     0 | D        | Reached XP level 1. HP: 16/16 MP: 1/1
    23 | D        | Noticed a worker ant
    28 | D        | Gained mutation: You are partially covered in slimy green scales. (AC +2) [demonic ancestry]
    28 | D        | Reached XP level 2. HP: 16/23 MP: 2/2
    38 | D        | Gained mutation: You have sharp toenails. [demonic ancestry]
    38 | D        | Reached XP level 3. HP: 19/29 MP: 3/3
   146 | D        | Found a glowing silver altar of Zin.
   146 | D        | Found a glowing golden altar of the Shining One.
   146 | D        | Found an ancient bone altar of Kikubaaqudgha.
   146 | D        | Found a basalt altar of Yredelemnul.
   146 | D        | Found a shimmering altar of Xom.
   146 | D        | Found a radiant altar of Vehumet.
   147 | D        | Found an iron altar of Okawaru.
   148 | D        | Found a burning altar of Makhleb.
   149 | D        | Found a deep blue altar of Sif Muna.
   150 | D        | Found a bloodstained altar of Trog.
   151 | D        | Found a sparkling altar of Nemelex Xobeh.
   152 | D        | Found a white marble altar of Elyvilon.
   153 | D        | Found a roughly hewn altar of Beogh.
   154 | D        | Found a viscous altar of Jiyva.
   155 | D        | Found a corrupted altar of Lugonu.
   156 | D        | Found a blossoming altar of Fedhas.
   157 | D        | Found a snail-covered altar of Cheibriados.
   158 | D        | Found a shadowy altar of Dithmenos.
   159 | D        | Found a stormy altar of Qazlal.
   160 | D        | Found an opulent altar of Gozag.
   161 | D        | Found a sacrificial altar of Ru.
   162 | D        | Found an oddly glowing altar of Pakellas.
   163 | D        | Found a hide-covered altar of Uskayaw.
   164 | D        | Found a hazy altar of Hepliaklqana.
   174 | D        | Became a worshipper of Gozag Ym Sagoz the Greedy
   225 | D        | Noticed an orc warrior
   225 | D        | Noticed a sky beast
   225 | D        | Noticed an ogre
   225 | D        | Noticed a wraith
   226 | D        | Reached skill level 1 in Armour
   251 | D        | Killed a wraith
   251 | D        | Reached skill level 5 in Fighting
   251 | D        | Reached XP level 4. HP: 12/39 MP: 4/4
   251 | D        | Gained mutation: You are immune to rotting. [demonic ancestry]
   251 | D        | Reached XP level 5. HP: 13/44 MP: 5/5
   255 | D        | Slain by an ogre

Vault maps used:
D:        linesprint

Skill      XL: |  1  2  3 |
---------------+----------+-----
Axes           | 3 4 6 |  6.3
Dodging        | 3 4 6 |  6.1
Throwing       | 2 |  2.8
Fighting       | 3 5 |  5.2
Armour         | 3 |  3.5

Action                   |  1- 3 |  4- 6 || total
-------------------------+-------+-------++-------
Melee: War axe           |    50 |     4 ||    54
       Kick              |     5 |     1 ||     6
  Use: Potion            |     4 |       ||     4
Armor: Leather armour    |     8 |       ||     8
       Chain mail        |    14 |     2 ||    16
Dodge: Dodged            |    32 |     1 ||    33
